TOP OF THE 1ST |
Omaha Storm Chasers batting - Pitching for Nashville Sounds : RHP Troy DiFiore
|
Pitching: RHP Troy DiFiore
|
|
Batting: RHB Yuichi Takata
|
0-0: Called Strike 0-1: Fly out, F9 (Flyball, 9, EV 87.5 MPH)
|
Batting: RHB Nick Ogle
|
0-0: Fly out, F9 (Flyball, 9, EV 88.1 MPH)
|
Batting: LHB Justin Rupert
|
0-0: Ground out 6-3 (Groundball, 6, EV 82.5 MPH)
|
Top of the 1st over - 0 runs, 0 hits, 0 errors, 0 left on base; Omaha 0 - Nashville 0 |
BOTTOM OF THE 1ST |
Nashville Sounds batting - Pitching for Omaha Storm Chasers : RHP Josh Cornishen
|
Pitching: RHP Josh Cornishen
|
|
Batting: SHB Quincy Bradford
|
0-0: DOUBLE (Line Drive, 8LD, EV 95.6 MPH)
|
Batting: LHB Paul Perry
|
0-0: Called Strike 0-1: Fly out, F9 (Flyball, 9LS, EV 65.0 MPH)
|
Batting: RHB Chris Stillions
|
0-0: Called Strike 0-1: Ground out U3 (Groundball, 3L, EV 86.9 MPH) Quincy Bradford to third
|
Batting: RHB Antonio Gomez
|
0-0: Ball 1-0: Called Strike 1-1: SINGLE (Groundball, 56D, EV 101.2 MPH) Quincy Bradford scores
|
Batting: RHB Colin Boddy
|
0-0: Ball 1-0: Called Strike 1-1: Foul Ball, location: 2F 1-2: Ball 2-2: Ball 3-2: Ground out 6-3 (Groundball, 6, EV 96.2 MPH)
|
Bottom of the 1st over - 1 run, 2 hits, 0 errors, 1 left on base; Omaha 0 - Nashville 1 |
TOP OF THE 2ND |
Omaha Storm Chasers batting - Pitching for Nashville Sounds : RHP Troy DiFiore
|
Batting: LHB Roman Downey
|
0-0: Called Strike 0-1: Ball 1-1: Ball 2-1: Ball 3-1: Ground out 4-3 (Groundball, 34, EV 83.1 MPH)
|
Batting: RHB Muneer Maudad
|
0-0: Ball 1-0: Ground out 5-3 (Groundball, 56, EV 86.9 MPH)
|
Batting: RHB Walt Cogswell
|
0-0: Ball 1-0: Ball 2-0: Ball 3-0: Base on Balls
|
Batting: RHB Bob Najar
|
0-0: Ball 1-0: Called Strike Walt Cogswell steals 2nd base (no throw) 1-1: Ground out 6-3 (Groundball, 6, EV 84.4 MPH)
|
Top of the 2nd over - 0 runs, 0 hits, 0 errors, 1 left on base; Omaha 0 - Nashville 1 |
BOTTOM OF THE 2ND |
Nashville Sounds batting - Pitching for Omaha Storm Chasers : RHP Josh Cornishen
|
Batting: SHB Gregg Whitecotton
|
0-0: Called Strike 0-1: Ball 1-1: Ground out 4-3 (Groundball, 4, EV 93.8 MPH)
|
Batting: RHB Robby Godwin
|
0-0: Swinging Strike 0-1: Ball 1-1: Foul Ball, location: 2F 1-2: Foul Ball, location: 2F 1-2: Ball 2-2: Ball 3-2: Foul Ball, location: 2F 3-2: SINGLE (Groundball, 56D, EV 100.0 MPH)
|
Batting: RHB Jonathan Lugo
|
0-0: Called Strike Robby Godwin is caught stealing 2nd base 2-4 0-1: Called Strike 0-2: Ground out 6-3 (Groundball, 6, EV 83.1 MPH)
|
Bottom of the 2nd over - 0 runs, 1 hit, 0 errors, 0 left on base; Omaha 0 - Nashville 1 |
TOP OF THE 3RD |
Omaha Storm Chasers batting - Pitching for Nashville Sounds : RHP Troy DiFiore
|
Batting: LHB Jim Beaver
|
0-0: Ball 1-0: Foul Ball, location: 2F 1-1: Ball 2-1: Called Strike 2-2: Foul Ball, location: 2F 2-2: Strikes out looking
|
Batting: LHB Ricardo Pagan
|
0-0: Ball 1-0: Bunt for hit to 13 - play at first, batter OUT! 1-3
|
Batting: RHB Yuichi Takata
|
0-0: Ground out 3-1 (Groundball, 34S, EV 77.5 MPH)
|
Top of the 3rd over - 0 runs, 0 hits, 0 errors, 0 left on base; Omaha 0 - Nashville 1 |
BOTTOM OF THE 3RD |
Nashville Sounds batting - Pitching for Omaha Storm Chasers : RHP Josh Cornishen
|
Batting: RHB Mike Cervino
|
0-0: Called Strike 0-1: Ball 1-1: Swinging Strike 1-2: Foul Ball, location: 2F 1-2: Foul Ball, location: 2F 1-2: Strikes out swinging
|
Batting: SHB Quincy Bradford
|
0-0: Ball 1-0: Ball 2-0: Bunt missed! 2-1: SOLO HOME RUN (Flyball, 8LXD, EV 111.9 MPH), Distance : 420 ft
|
Batting: LHB Paul Perry
|
0-0: Ball 1-0: Ball 2-0: Foul Ball, location: 2F 2-1: Swinging Strike 2-2: Foul Ball, location: 2F 2-2: Strikes out looking
|
Batting: RHB Chris Stillions
|
0-0: Ball 1-0: Called Strike 1-1: Ball 2-1: Called Strike 2-2: Ball 3-2: Fly out, F8 (Flyball, 8LXD, EV 96.2 MPH)
|
Bottom of the 3rd over - 1 run, 1 hit, 0 errors, 0 left on base; Omaha 0 - Nashville 2 |
TOP OF THE 4TH |
Omaha Storm Chasers batting - Pitching for Nashville Sounds : RHP Troy DiFiore
|
Batting: RHB Nick Ogle
|
0-0: Called Strike 0-1: Ball 1-1: Swinging Strike 1-2: Foul Ball, location: 2F 1-2: Ball 2-2: Ball 3-2: Fly out, F8 (Flyball, 8RM, EV 90.6 MPH)
|
Batting: LHB Justin Rupert
|
0-0: Fly out, F9 (Flyball, 89M, EV 80.0 MPH)
|
Batting: LHB Roman Downey
|
0-0: Swinging Strike 0-1: Ground out U3 (Groundball, 3, EV 85.0 MPH)
|
Top of the 4th over - 0 runs, 0 hits, 0 errors, 0 left on base; Omaha 0 - Nashville 2 |
BOTTOM OF THE 4TH |
Nashville Sounds batting - Pitching for Omaha Storm Chasers : RHP Josh Cornishen
|
Batting: RHB Antonio Gomez
|
0-0: DOUBLE (Flyball, 8LXD, EV 110.0 MPH)
|
Batting: RHB Colin Boddy
|
0-0: Ball 1-0: Called Strike 1-1: Reached via error on a dropped throw from SS, E3 (Groundball, 6, EV 103.1 MPH) Antonio Gomez to third
|
Batting: SHB Gregg Whitecotton
|
0-0: Ball 1-0: Foul Ball, location: 2F 1-1: Swinging Strike 1-2: SINGLE (Groundball, 34D, EV 98.8 MPH) Antonio Gomez scores Colin Boddy to second Runner from 2nd tries for 3rd, SAFE, throw by RF made to third
|
Batting: RHB Robby Godwin
|
0-0: Called Strike 0-1: Swinging Strike 0-2: Strikes out swinging
|
Batting: RHB Jonathan Lugo
|
0-0: Called Strike 0-1: Ball 1-1: Foul Ball, location: 2F 1-2: Fly out, F7 (Flyball, 78S, EV 91.9 MPH)
|
Batting: RHB Mike Cervino
|
0-0: Foul Ball, location: 2F 0-1: SINGLE (Groundball, 4S, EV 71.2 MPH) (infield hit) Colin Boddy scores Gregg Whitecotton to second
|
Batting: SHB Quincy Bradford
|
0-0: Called Strike 0-1: Ground out 4-3 (Groundball, 4S, EV 83.8 MPH)
|
Bottom of the 4th over - 2 runs, 3 hits, 1 error, 2 left on base; Omaha 0 - Nashville 4 |
TOP OF THE 5TH |
Omaha Storm Chasers batting - Pitching for Nashville Sounds : RHP Troy DiFiore
|
Batting: RHB Muneer Maudad
|
0-0: Called Strike 0-1: Ball 1-1: Ball 2-1: Swinging Strike 2-2: Ball 3-2: Strikes out swinging
|
Batting: RHB Walt Cogswell
|
0-0: SOLO HOME RUN (Flyball, 78XD, EV 101.2 MPH), Distance : 400 ft
|
Batting: RHB Bob Najar
|
0-0: Foul Ball, location: 2F 0-1: Fly out, F8 (Flyball, 89D, EV 103.1 MPH)
|
Batting: LHB Jim Beaver
|
0-0: Called Strike 0-1: Foul Ball, location: 2F 0-2: Foul Ball, location: 2F 0-2: Ball 1-2: Strikes out swinging
|
Top of the 5th over - 1 run, 1 hit, 0 errors, 0 left on base; Omaha 1 - Nashville 4 |
BOTTOM OF THE 5TH |
Nashville Sounds batting - Pitching for Omaha Storm Chasers : RHP Josh Cornishen
|
Batting: LHB Paul Perry
|
0-0: Ball 1-0: Called Strike 1-1: Ball 2-1: Called Strike 2-2: Fly out, F8 (Flyball, 8LM, EV 83.8 MPH)
|
Batting: RHB Chris Stillions
|
0-0: Foul Ball, location: 2F 0-1: Ball 1-1: Ball 2-1: Foul Ball, location: 2F 2-2: SINGLE (Groundball, 6D, EV 105.0 MPH)
|
Pitching: RHP Antonio Santos
|
|
Batting: RHB Antonio Gomez
|
0-0: Ball 1-0: Ball 2-0: Called Strike 2-1: Ball 3-1: Swinging Strike 3-2: SINGLE (Line Drive, 9S, EV 99.4 MPH) Chris Stillions to second Runner from 2nd tries for 3rd, SAFE, throw by RF made to third
|
Batting: RHB Colin Boddy
|
0-0: Ball 1-0: Called Strike 1-1: Ball 2-1: 3-RUN HOME RUN (Flyball, 78XD, EV 99.4 MPH), Distance : 386 ft
|
Batting: SHB Gregg Whitecotton
|
0-0: Foul Ball, location: 2F 0-1: Called Strike 0-2: Strikes out swinging
|
Batting: RHB Robby Godwin
|
0-0: Foul Ball, location: 2F 0-1: Ball 1-1: Ball 2-1: Ball 3-1: Base on Balls
|
Batting: RHB Jonathan Lugo
|
0-0: Ball 1-0: Ball 2-0: Swinging Strike 2-1: Foul Ball, location: 2F 2-2: Ball 3-2: Ground out 6-3 (Groundball, 6, EV 81.9 MPH)
|
Bottom of the 5th over - 3 runs, 3 hits, 0 errors, 1 left on base; Omaha 1 - Nashville 7 |
TOP OF THE 6TH |
Omaha Storm Chasers batting - Pitching for Nashville Sounds : RHP Troy DiFiore
|
Batting: LHB Ricardo Pagan
|
0-0: Ball 1-0: Fly out, F9 (Flyball, 9LM, EV 96.2 MPH)
|
Batting: RHB Yuichi Takata
|
0-0: Swinging Strike 0-1: Ball 1-1: Foul Ball, location: 2F 1-2: Ball 2-2: Foul Ball, location: 2F 2-2: Foul Ball, location: 2F 2-2: Strikes out looking
|
Batting: RHB Nick Ogle
|
0-0: Foul Ball, location: 2F 0-1: Ball 1-1: Fly out, F4 (Popup, 4M, EV 78.8 MPH)
|
Top of the 6th over - 0 runs, 0 hits, 0 errors, 0 left on base; Omaha 1 - Nashville 7 |
BOTTOM OF THE 6TH |
Nashville Sounds batting - Pitching for Omaha Storm Chasers : RHP Antonio Santos
|
Batting: RHB Mike Cervino
|
0-0: Ball 1-0: Ball 2-0: Called Strike 2-1: Foul Ball, location: 2F 2-2: Ball 3-2: Base on Balls
|
Batting: SHB Quincy Bradford
|
0-0: Ball 1-0: Ball 2-0: Fielders Choice at 2nd, 3-6 (Groundball, 13, EV 90.6 MPH)
|
Batting: LHB Paul Perry
|
0-0: Called Strike Quincy Bradford steals 2nd base (no throw) 0-1: 2-RUN HOME RUN (Flyball, 9LD, EV 92.5 MPH), Distance : 333 ft
|
Batting: RHB Chris Stillions
|
0-0: Ground out 6-3 (Groundball, 6, EV 93.8 MPH)
|
Batting: RHB Antonio Gomez
|
0-0: Ball 1-0: Foul Ball, location: 2F 1-1: Ground out 4-3 (Groundball, 4, EV 85.6 MPH)
|
Bottom of the 6th over - 2 runs, 1 hit, 0 errors, 0 left on base; Omaha 1 - Nashville 9 |
TOP OF THE 7TH |
Omaha Storm Chasers batting - Pitching for Nashville Sounds : RHP Troy DiFiore
|
Pinch Hitting: RHB Mike Batko
|
0-0: Ball 1-0: Foul Ball, location: 2F 1-1: Foul Ball, location: 2F 1-2: Ball 2-2: Foul Ball, location: 2F 2-2: Strikes out swinging
|
Batting: LHB Danny Bailey
|
0-0: Fly out, F7 (Flyball, 78D, EV 86.9 MPH)
|
Pinch Hitting: SHB Jarrod Lindblad
|
0-0: Ball 1-0: Swinging Strike 1-1: Swinging Strike 1-2: Foul Ball, location: 2F 1-2: Strikes out looking
|
Top of the 7th over - 0 runs, 0 hits, 0 errors, 0 left on base; Omaha 1 - Nashville 9 |
BOTTOM OF THE 7TH |
Nashville Sounds batting - Pitching for Omaha Storm Chasers : RHP Antonio Santos
|
Now at 1B: Nick Ogle
|
|
Now in LF: Jarrod Lindblad
|
|
Now in RF: Pete Hansel
|
|
Batting: RHB Colin Boddy
|
0-0: Ball 1-0: Ball 2-0: Ball 3-0: Called Strike 3-1: Called Strike 3-2: Foul Ball, location: 2F 3-2: Ground out 4-3 (Groundball, 4, EV 108.8 MPH)
|
Batting: SHB Gregg Whitecotton
|
0-0: Ball 1-0: Foul Ball, location: 2F 1-1: Ground out U3 (Groundball, 3L, EV 106.9 MPH)
|
Batting: RHB Robby Godwin
|
0-0: Called Strike 0-1: Ball 1-1: Ball 2-1: Foul Ball, location: 2F 2-2: SINGLE (Groundball, 56D, EV 96.9 MPH) (infield hit)
|
Batting: RHB Jonathan Lugo
|
0-0: Ball 1-0: Called Strike 1-1: Ball 2-1: Foul Ball, location: 2F 2-2: Foul Ball, location: 2F 2-2: SINGLE (Groundball, 6M, EV 106.2 MPH) (infield hit) Robby Godwin to second
|
Batting: RHB Mike Cervino
|
0-0: Called Strike 0-1: Called Strike 0-2: Ball 1-2: Foul Ball, location: 2F 1-2: Ball 2-2: SINGLE (Groundball, 6S, EV 61.2 MPH) (infield hit) Robby Godwin to third Jonathan Lugo to second
|
Pitching: RHP Zachery Noyes
|
|
Batting: SHB Quincy Bradford
|
0-0: Swinging Strike 0-1: Ball 1-1: Ball 2-1: Ground out 6-3 (Groundball, 6M, EV 90.0 MPH)
|
Bottom of the 7th over - 0 runs, 3 hits, 0 errors, 3 left on base; Omaha 1 - Nashville 9 |
TOP OF THE 8TH |
Omaha Storm Chasers batting - Pitching for Nashville Sounds : RHP Troy DiFiore
|
Pinch Hitting: RHB Jaden Warrior
|
0-0: Ball 1-0: Ball 2-0: Swinging Strike 2-1: Fly out, F8 (Flyball, 8RS, EV 94.4 MPH)
|
Pinch Hitting: LHB Robby Diaz
|
0-0: Ball 1-0: Ball 2-0: Called Strike 2-1: Swinging Strike 2-2: Ball 3-2: Fly out, F7 (Flyball, 7LM, EV 88.1 MPH)
|
Pinch Hitting: SHB Jared O'Connor
|
0-0: Called Strike 0-1: Ball 1-1: Foul Ball, location: 2F 1-2: Strikes out looking
|
Top of the 8th over - 0 runs, 0 hits, 0 errors, 0 left on base; Omaha 1 - Nashville 9 |
BOTTOM OF THE 8TH |
Nashville Sounds batting - Pitching for Omaha Storm Chasers : RHP Zachery Noyes
|
Now at 2B: Jaden Warrior
|
|
Now at 3B: Jared O'Connor
|
|
Now in CF: Pete Hansel
|
|
Now in RF: Robby Diaz
|
|
Batting: LHB Paul Perry
|
0-0: Ball 1-0: Hit by Pitch
|
Batting: RHB Chris Stillions
|
0-0: Ball 1-0: Swinging Strike 1-1: Foul Ball, location: 2F 1-2: Foul Ball, location: 2F 1-2: Grounds into double play, 5-4-3 (Groundball, 5S, EV 81.9 MPH)
|
Batting: RHB Antonio Gomez
|
0-0: Foul Ball, location: 2F 0-1: Foul Ball, location: 2F 0-2: Fly out, F9 (Flyball, 9S, EV 90.0 MPH)
|
Bottom of the 8th over - 0 runs, 0 hits, 0 errors, 0 left on base; Omaha 1 - Nashville 9 |
TOP OF THE 9TH |
Omaha Storm Chasers batting - Pitching for Nashville Sounds : RHP Troy DiFiore
|
Pinch Hitting: RHB Kevin Roseen
|
0-0: Called Strike 0-1: Ground out U3 (Groundball, 3, EV 84.4 MPH)
|
Batting: RHB Yuichi Takata
|
0-0: Swinging Strike 0-1: Ball 1-1: Foul Ball, location: 2F 1-2: Strikes out swinging
|
Pinch Hitting: RHB Taisei Fujii
|
0-0: Ball 1-0: Ball 2-0: Ball 3-0: Called Strike 3-1: SINGLE (Line Drive, 56D, EV 98.8 MPH)
|
Pitching: LHP Jimmy Rush
|
|
Batting: LHB Pete Hansel
|
0-0: Swinging Strike 0-1: Foul Ball, location: 2F 0-2: Ball 1-2: Ball 2-2: Ball Wild Pitch! Taisei Fujii to second 3-2: Strikes out looking
|
Top of the 9th over - 0 runs, 1 hit, 0 errors, 1 left on base; Omaha 1 - Nashville 9 |
|